 Dungeon Crawl Stone Soup version 0.27-a0-1219-g958d993ae5 (webtiles) character file.

Game seed: 14880256449184734253

18 polve the Skirmisher (level 2, -4/24 HPs)
             Began as a Demonspawn Abyssal Knight on June 6, 2021.
             Was a Follower of Lugonu.
             Slain by Natasha (6 damage)
             ... on level 2 of the Dungeon.
             The game lasted 00:01:13 (658 turns).

polve the Skirmisher (Demonspawn Abyssal Knight)     Turns: 658, Time: 00:01:14

Health: -4/24      AC:  3    Str: 12    XL:     2   Next: 51%
Magic:  3/3        EV: 11    Int: 13    God:    Lugonu [*.....]
Gold:   17         SH:  5    Dex: 12    Spells: 1/1 levels left

rFire    . . .     SeeInvis .   a - +1 short sword
rCold    . . .     Faith    .   (no shield)
rNeg     . . .     Spirit   .   b - +0 leather armour
rPois    .         Reflect  +   (no helmet)
rElec    .         Harm     .   (no cloak)
rCorr    .         Rampage  .   (no gloves)
Will     .....                  (no boots)
Stlth    +.........             c - amulet of reflection
HPRegen  0.08/turn              (no ring)
MPRegen  0.08/turn              (no ring)

@: slowed, very slow
A: talons 1
a: Renounce Religion, Depart the Abyss


You were on level 2 of the Dungeon.
You worshipped Lugonu.
Lugonu was aware of your devotion.
You visited 1 branch of the dungeon, and saw 2 of its levels.
You visited the Abyss 1 time.

You collected 17 gold pieces.

Inventory:

Hand Weapons
 a - a +1 short sword (weapon)
Missiles
 d - 15 poisoned darts (quivered)
Armour
 b - a +0 leather armour (worn)
 f - a +1 helmet
Jewellery
 c - an amulet of reflection (around neck)
 g - a ring of see invisible
Potions
 e - a potion of invisibility {unknown}


   Skills:
 - Level 3.0 Fighting
 + Level 2.9 Short Blades
 - Level 1.7 Armour
 - Level 0.8 Dodging
 - Level 2.4 Invocations


You had one spell level left.
You didn't know any spells.
Your spell library was empty.

Dungeon Overview and Level Annotations

Branches:
Dungeon (1/15)

Altars:

Annotations:
D:2 Natasha


Innate Abilities, Weirdness & Mutations

You have sharp toenails.


Message History

Found an escape hatch in the ceiling.
Throw: 16 darts (poison)
Press: ? - help, Q - select action, (/) - cycle Shift-Dir - straight line, f/p - Natasha
Aim: Natasha (lightly wounded, poisoned, 50% to hit)
You throw a poisoned dart. The poisoned dart misses Natasha.
Natasha drinks a potion.
Natasha seems to speed up.
You completely miss Natasha. Your kick misses Natasha.
Natasha is lightly wounded.
You block Natasha's attack. Natasha claws you.
You hit Natasha. You claw Natasha.
Natasha is heavily wounded.
Natasha looks more healthy.
Natasha casts a spell at you. The magic dart hits you.
Natasha mumbles some strange words.
Natasha's front paws start to glow.
Natasha casts a spell.
You hit Natasha.
Natasha is almost dead.
Natasha claws you.
Natasha stares at you and mumbles some strange words.
You resist with significant effort.
You closely miss Natasha.
Natasha is almost dead.
Natasha casts a spell at you. You resist with significant effort.
Natasha claws you but does no damage. The crimson imp barely misses you.
Natasha claws you.
* * * LOW HITPOINT WARNING * * *
You hit Natasha but do no damage. Your kick misses Natasha.
Natasha is almost dead.
You block Natasha's attack.
The crimson imp hits you but does no damage.
The crimson imp hits you.
* * * LOW HITPOINT WARNING * * *
Natasha casts a spell.
You closely miss Natasha. Your kick misses Natasha.
Natasha is almost dead.
Natasha closely misses you. The crimson imp closely misses you.
Natasha claws you.
You die...

#.#.# #####.#.#
.....#.####
#####...#....
........#..# ##
......#.#..###### ..
...........#....# .#
......#.##.#.##5# ..
#.#...#.##.#.##@#.#.##.
..........#.##h5....'<
#.###.#.##....†.#.##.#.
# ....#..........#
##.####(####(.#.# # #..
..!..# ### ...### ...#
.....


You could see Natasha (fast) and 2 crimson imps.

Vanquished Creatures
  An ufetubus (Abyss:2)
  A dart slug (D:1)
  An endoplasm (D:1)
  2 hobgoblins (D:2)
  A kobold (D:1)
  A quokka (D:1)
  2 bats (D:1)
  2 rats (D:1)
11 creatures vanquished.

Notes
Turn   | Place    | Note
-------+----------+-------------------------------------------
     0 | Abyss:1  | polve the Demonspawn Abyssal Knight began the quest for the
                  | Orb.
     0 | Abyss:1  | Reached XP level 1. HP: 18/18 MP: 2/2
    73 | Abyss:1  | Noticed a starcursed mass
   122 | Abyss:2  | Noticed a raiju
   123 | Abyss:2  | Found a corrupted altar of Lugonu.
   154 | Abyss:2  | Noticed a large abomination
   173 | D:1      | Escaped the Abyss
   358 | D:1      | Reached * piety under Lugonu
   359 | D:1      | Gained mutation: You have sharp toenails. [demonic
                  | ancestry]
   359 | D:1      | Reached XP level 2. HP: 18/24 MP: 3/3
   624 | D:1      | You fall into a shaft and drop 1 floor!
   647 | D:2      | Noticed Natasha
   655 | D:2      | Noticed a crimson imp
   658 | D:2      | Noticed a crimson imp
   658 | D:2      | Slain by Natasha

Illustrated notes

Levels and vault maps discovered:
D:1:      moated_graveyard_arrival, layout_rooms,
          shapermc_ecumenical_altar_mp_vishouse, minmay_pentomino_o4
D:2:      layout_basic, minmay_strange_pillars, uniq_natasha

Skill      XL: |  1 |
---------------+----+-----
Short Blades   | 2 |  2.9
Fighting       | |  3.0
Armour         | |  1.7
Dodging        | |  0.8
Invocations    | |  2.4

Action                   || total
-------------------------++-------
Melee: Short sword       ||    40
       Kick              ||     4
Throw: Dart              ||     4
Invok: Depart the Abyss  ||     1
Armor: Leather armour    ||    19
Dodge: Dodged            ||    28
Block: Other             ||    11

Table legend: (Time is in decaauts)
 A = Elapsed time spent in this place.
 B = Non-inter-level travel time spent in this place.
 C = Inter-level travel time spent in this place.
 D = Time resting spent in this place.
 E = Time spent auto-exploring this place.
 F = Levels seen in this place.
 G = Mean time per level.
                   A        B        C        D        E       F      G
               +--------+--------+--------+--------+--------+-----+--------+
         Total |    662 |    662 |      0 |      0 |    488 |   4 |  165.5 |
       Dungeon |    487 |    487 |      0 |      0 |    377 |   2 |  243.5 |
         Abyss |    174 |    174 |      0 |      0 |    111 |   2 |   87.0 |
               +--------+--------+--------+--------+--------+-----+--------+

Top non-repeatable levels by time:
     D:1: 450 daAuts
 Abyss:2: 98 daAuts
 Abyss:1: 76 daAuts
     D:2: 37 daAuts
